 Seeded DCSS version 0.29-a0-1023-g6ae1a4a2c7 (webtiles) character file.

Game seed: 2560009851342718327 (custom seed)

579 mathmaestro the Grave Robber (level 7, 48/52 HPs)
             Began as a Demonspawn Necromancer on Aug 11, 2022.
             Quit the game on level 4 of the Dungeon.
             The game lasted 00:09:24 (4138 turns).

mathmaestro the Grave Robber (DsNe)                 Turns: 4138, Time: 00:09:25

Health: 48/52      AC:  6    Str:  9    XL:     7   Next: 13%
Magic:  7/12       EV: 26    Int: 18    God:
Gold:   340        SH:  0    Dex: 13    Spells: 5/13 levels left

rFire   . . .      SeeInvis .   a - +1 dagger (venom)
rCold   . . .      Faith    .   (no shield)
rNeg    . . .      Spirit   .   f - +0 leather armour
rPois   .          Reflect  .   (no helmet)
rElec   .          Harm     .   (no cloak)
rCorr   .          Rampage  .   (no gloves)
Will    .....                   k - +0 pair of boots
Stlth   ++........              d - amulet of the acrobat
HPRegen 0.17/turn               (no ring)
MPRegen 0.13/turn               (no ring)

@: acrobatic
A: thin metallic scales 1, spiny 1, demonic touch 2
a: no special abilities


You were on level 4 of the Dungeon.
You visited 1 branch of the dungeon, and saw 6 of its levels.

You collected 340 gold pieces.

Inventory:

Hand Weapons
 a - a +1 dagger of venom (weapon)
 m - a +0 hand axe
Armour
 f - a +0 leather armour (worn)
 k - a +0 pair of boots (worn)
 o - a +0 leather armour of fire resistance
Jewellery
 d - an amulet of the acrobat (around neck)
Wands
 h - a wand of roots (6)
Scrolls
 e - a scroll of magic mapping {unknown}
 i - a scroll of noise {unknown}
 p - a scroll of fog {unknown}
Potions
 b - a potion of magic
 c - 2 potions of heal wounds
 g - 2 potions of curing
 j - a potion of attraction {unknown}
 l - a potion of resistance {unknown}
 n - a potion of haste


   Skills:
 + Level 3.4 Fighting
 * Level 3.2 Armour
 - Level 2.0 Dodging
 - Level 2.0 Stealth
 + Level 3.8 Spellcasting
 + Level 5.9 Necromancy
 + Level 0.7 Evocations


You had 5 spell levels left.
You knew the following spells:

 Your Spells              Type           Power      Damage    Failure   Level
a - Necrotise             Necr           96%        1d8       1%          1
b - Vampiric Draining     Necr           24%        2d7       5%          3
c - Animate Dead          Necr           24%        N/A       17%         4

Your spell library contained the following spells:

 Spells                   Type           Power      Damage    Failure   Level
 Agony                    Necr           24%        N/A       43%         5


Dungeon Overview and Level Annotations

Branches:
Dungeon (6/15)
 Temple: D:4-7

Altars:
Qazlal
Wu Jian

Annotations:
D:6 Dowan, Duvessa, Sigmund


Innate Abilities, Weirdness & Mutations

You are partially covered in thin metallic scales. (AC +2)
You are partially covered in sharp spines.
Your touch may inflict irresistible damage on your foes.


Message History

The ice beast is lightly wounded.
The ice beast hits you but does no damage.
You hit the ice beast. Your touch misses the ice beast.
The ice beast is lightly wounded.
The ice beast barely misses you.
You hit the ice beast. Your touch misses the ice beast.
The ice beast is moderately wounded.
The ice beast completely misses you.
You closely miss the ice beast.
The ice beast is moderately wounded.
The ice beast hits you but does no damage.
You hit the ice beast.
The ice beast is moderately wounded.
The ice beast hits you. The ice beast freezes you.
You closely miss the ice beast.
You touch the ice beast!
The ice beast is almost dead.
The ice beast hits you but does no damage.
You hit the ice beast but do no damage.
The ice beast is poisoned.
The ice beast is almost dead.
The ice beast barely misses you.
Casting: Necrotise (safe; 1% risk of failure)
Confirm with . or Enter, or press ? or * to list all spells.
Aiming: Vampiric Draining (dangerous; 5% risk of failure)
Press: ? - help, Shift-Dir - straight line, f/p - ice beast
Aim: an ice beast (almost dead, very poisoned)
You draw life force from the ice beast!
You kill the ice beast!
You feel life coursing into your body.
You have reached level 7!
Your demonic ancestry asserts itself...
Sharp spines emerge from parts of your body.
A scorpion comes into view.
The scorpion moves out of view.
There is a stone staircase leading up here.
You see here a +0 leather armour of fire resistance.
o - a +0 leather armour of fire resistance
There is a stone staircase leading up here.
p - a scroll labelled VAZXOL FEDO
There is a stone staircase leading up here.
Are you sure you want to abandon this character and quit the game? (Confirm with "yes".)

... ..# ##### #.###
.....##...## ..#........##
............## #
.###...............# .#.#
#[...#.#.........#.######.#.#
#............@...#..#........
+................#..........#
#.................#.........#
#+##...................#.....#
........S..?........#........#
.<....>...............#......#
...[........♣....######......#
..........♣......#####.....).#
.......#....♣................#


There were no monsters in sight!

Vanquished Creatures
  Menkaure (D:6)
  An ice beast (D:4)
  A phantom (D:5)
  A scorpion (D:5)
  Jessica (D:2)
  Ijyb (D:3)
  2 iguanas
  4 adders
  2 worms (D:3)
  A dart slug (D:1)
  13 orcs
  8 endoplasms
  3 giant cockroaches
  9 goblins
  7 hobgoblins
  4 jackals (D:1)
  3 quokkas
  2 ball pythons
  3 bats
  2 frilled lizards
  8 kobolds
  7 rats
84 creatures vanquished.

Vanquished Creatures (collateral kills)
  A goblin (D:1)
  2 rats (D:1)
3 creatures vanquished.

Grand Total: 87 creatures vanquished

Notes
Turn   | Place    | Note
-------+----------+-------------------------------------------
     0 | D:1      | mathmaestro the Demonspawn Necromancer began the quest for
                  | the Orb.
     0 | D:1      | Reached XP level 1. HP: 13/13 MP: 3/3
   201 | D:1      | Gained mutation: Your touch may inflict minor irresistible
                  | damage on your foes. [demonic ancestry]
   201 | D:1      | Reached XP level 2. HP: 20/20 MP: 1/5
   457 | D:1      | Reached skill level 1 in Fighting
   511 | D:1      | Found a faded altar of an unknown god.
   679 | D:1      | Gained mutation: Your touch may inflict irresistible damage
                  | on your foes. [demonic ancestry]
   679 | D:1      | Reached XP level 3. HP: 23/26 MP: 6/6
  1095 | D:1      | Learned a level 3 spell: Vampiric Draining
  1658 | D:2      | Gained mutation: You are partially covered in thin metallic
                  | scales. (AC +2) [demonic ancestry]
  1658 | D:2      | Reached XP level 4. HP: 32/33 MP: 8/8
  1778 | D:2      | Noticed Jessica
  1783 | D:2      | Killed Jessica
  1784 | D:2      | Reached skill level 5 in Necromancy
  2163 | D:2      | Learned a level 4 spell: Animate Dead
  2900 | D:3      | You fall into a shaft and drop 3 floors!
  2934 | D:6      | Noticed Duvessa
  2934 | D:6      | Noticed Dowan
  2942 | D:6      | Reached XP level 5. HP: 25/39 MP: 1/9
  3080 | D:6      | Noticed Menkaure
  3093 | D:6      | Killed Menkaure
  3094 | D:6      | Reached skill level 1 in Armour
  3330 | D:6      | Found an ornate altar of the Wu Jian Council.
  3348 | D:6      | Noticed Sigmund
  3350 | D:5      | Entered Level 5 of the Dungeon
  3357 | D:5      | Reached XP level 6. HP: 35/46 MP: 11/11
  3765 | D:3      | Noticed Ijyb
  3775 | D:3      | Killed Ijyb
  4059 | D:4      | Noticed an air elemental
  4059 | D:4      | Found a stormy altar of Qazlal.
  4065 | D:4      | Noticed a fire elemental
  4099 | D:4      | Noticed an ice beast
  4126 | D:4      | Killed an ice beast
  4127 | D:4      | Gained mutation: You are partially covered in sharp spines.
                  | [demonic ancestry]
  4127 | D:4      | Reached XP level 7. HP: 46/52 MP: 6/12
  4138 | D:4      | Quit the game

Illustrated notes

Levels and vault maps discovered:
D:1:      lightli_arrival_quake, layout_basic, hellmonk_ecumenical_altar_blasted
D:2:      layout_loops_corners, minmay_misc_feat_pillars, uniq_jessica
D:3:      layout_basic, uniq_ijyb
D:4:      cheibrodos_old_hovel, layout_rooms, nicolae_qazlal_style_of_elements,
          chequers_garden, minmay_liquid_box
D:5:      kb_forest_paths, layout_basic, dk_noncrumbling_4, grunt_decor_junction
D:6:      layout_basic, mainiacjoe_overflow_concentric_impassable,
          amcnicky_altar_gilded, minmay_temple_entry_slanted, minmay_holes,
          uniq_sigmund, uniq_menkaure, uniq_duvessa

Skill      XL: |  1  2  3  4  5  6 |
---------------+-------------------+-----
Stealth        | 2 |  2.0
Dodging        | 2 |  2.0
Fighting       | 1 2 3 |  3.4
Necromancy     | 5 |  5.9
Spellcasting   | 3 |  3.8
Armour         | 2 3 |  3.2
Evocations     | |  0.7

Action                   |  1- 3 |  4- 6 |  7- 9 || total
-------------------------+-------+-------+-------++-------
Melee: Unarmed           |     9 |       |       ||     9
       Dagger            |    31 |    69 |       ||   100
       Touch             |     2 |    17 |       ||    19
       Punch             |     1 |       |       ||     1
 Cast: Necrotise         |    65 |    43 |       ||   108
       Vampiric Draining |       |     9 |       ||     9
  Use: Scroll            |       |     7 |       ||     7
       Potion            |       |     1 |       ||     1
 Stab: Sleeping          |     1 |     3 |       ||     4
Armor: Robe              |     8 |     2 |       ||    10
       Leather armour    |       |    20 |       ||    20
Dodge: Dodged            |    49 |    29 |       ||    78

Table legend: (Time is in decaauts)
 A = Elapsed time spent in this place.
 B = Non-inter-level travel time spent in this place.
 C = Inter-level travel time spent in this place.
 D = Time resting spent in this place.
 E = Time spent auto-exploring this place.
 F = Levels seen in this place.
 G = Mean time per level.
                   A        B        C        D        E       F      G
               +--------+--------+--------+--------+--------+-----+--------+
         Total |   4143 |   4002 |    141 |   1083 |   2136 |   6 |  690.5 |
       Dungeon |   4143 |   4002 |    141 |   1083 |   2136 |   6 |  690.5 |
               +--------+--------+--------+--------+--------+-----+--------+

Top non-repeatable levels by time:
     D:2: 1169 daAuts
     D:1: 1101 daAuts
     D:3: 1062 daAuts
     D:6: 457 daAuts
     D:5: 267 daAuts
     D:4: 85 daAuts
